AoeStats
← 熊大来袭

Arena

510504025Analyzed
2v2 RM · 20h ago on Oct 1, 2026· 48m 23s· 4 players
Game mode
Random Map
Map size
Medium (4 player)
Population
200
Speed
Normal
Resources
Standard
Victory
Conquest
Starting age
Dark Age
Ending age
Imperial Age
RankedLock teamsTeams togetherTeam positionsShared explorationLock speedFull tech treeHidden civsTurbo modeCheats
Victory
Defeat
🇫🇷 Italians · France
1440
+10
🇬🇧 Saracens · United Kingdom
1427
+11
🇩🇪 Teutons · Germany
1376
-13
🇨🇳 Huns · China
1234
-8
vaeVictis
10:26 Feudal Age
14:20 Castle Age
12:33 Double-Bit Axe
16:42 Bow Saw
21:16 Horse Collar
23:26 Wheelbarrow
23:16 Gold Mining
25:06 Heavy Plow
25:00 Fletching
25:39 Stone Mining
26:47 Loom
27:01 Bodkin Arrow
29:51 Imperial Age
28:15 Stone Shaft Mining
27:47 Padded Archer Armor
28:28 Hand Cart
29:00 Ballistics
29:35 Leather Archer Armor
29:43 Masonry
30:25 Scale Mail Armor
30:56 Bracer
32:10 Chemistry
31:55 Conscription
35:43 Scale Mail Armor
35:40 Elite Genoese Crossbowman
36:38 Fortified Wall
36:59 Architecture
37:36 Crop Rotation
37:45 Ring Archer Armor
36:43 Pikeman
37:23 Squires
38:16 Block Printing
38:39 Chain Mail Armor
40:43 Plate Mail Armor
41:14 Forging
42:09 Scale Barding Armor
44:06 Bloodlines
43:17 Light Cavalry
44:25 Redemption
45:20 Chain Barding Armor
45:35 Iron Casting
44:54 Hussar
45:35 Husbandry
47:49 Plate Barding Armor
48:17 Blast Furnace
48:40 Blast Furnace
keensy
10:28 Feudal Age
10:41 Loom
14:20 Castle Age
19:19 Double-Bit Axe
19:42 Horse Collar
21:17 Heavy Plow
22:04 Bow Saw
25:37 Wheelbarrow
27:59 Stone Mining
28:00 Gold Mining
32:06 Imperial Age
30:17 Forging
30:57 Husbandry
31:22 Bloodlines
31:29 Town Watch
31:56 Scale Mail Armor
32:03 Scale Barding Armor
32:54 Hand Cart
33:27 Elite Mameluke
35:28 Chain Barding Armor
35:44 Iron Casting
38:23 Plate Barding Armor
38:49 Blast Furnace
44:14 Fletching
45:27 Chemistry
46:51 Siege Engineers
Fungus_Maximus
7:02 Loom
9:20 Feudal Age
10:57 Fletching
20:33 Castle Age
20:15 Horse Collar
20:22 Double-Bit Axe
20:31 Stone Mining
23:59 Fortified Wall
25:27 Bow Saw
26:26 Heavy Plow
26:35 Gold Mining
27:46 Wheelbarrow
27:15 Town Watch
28:41 Wheelbarrow
29:56 Masonry
30:17 Town Watch
30:59 Hand Cart
31:59 Guard Tower
32:29 Ballistics
35:01 Imperial Age
33:32 Ballistics
33:00 Arson
33:16 Squires
34:36 Bloodlines
34:36 Scale Mail Armor
34:46 Forging
34:32 Bodkin Arrow
34:38 Padded Archer Armor
34:53 Pikeman
35:51 Scale Barding Armor
36:02 Chain Mail Armor
35:12 Cavalier
35:22 Capped Ram
38:16 Chemistry
37:53 Conscription
37:51 Siege Engineers
38:56 Chain Barding Armor
39:12 Iron Casting
38:21 Heavy Scorpion
40:44 Ironclad
41:03 Paladin
42:22 Plate Barding Armor
42:44 Halberdier
47:51 Elite Skirmisher
48:51 Leather Archer Armor
熊大来袭
11:17 Feudal Age
12:54 Double-Bit Axe
15:10 Castle Age
13:20 Horse Collar
21:29 Wheelbarrow
22:40 Bow Saw
23:16 Heavy Plow
23:38 Gold Mining
25:06 Hand Cart
29:11 Imperial Age
26:58 Marauders
27:32 Scale Barding Armor
27:38 Forging
28:51 Chain Barding Armor
29:17 Husbandry
29:27 Bloodlines
29:55 Iron Casting
30:26 Conscription
29:28 Elite Tarkan
31:07 Plate Barding Armor
32:39 Blast Furnace
35:04 Padded Archer Armor
34:54 Fletching
36:47 Elite Skirmisher
37:52 Ballistics
38:40 Chemistry
38:55 Two-Man Saw
38:57 Leather Archer Armor
38:38 Bodkin Arrow
38:43 Light Cavalry
40:16 Stone Mining
41:02 Gold Shaft Mining
41:46 Hussar
43:18 Bracer
Connection lost

Rejoining the realm…

Still unreachable

The connection could not be restored.

Session expired

The server has moved on; the page needs a fresh start.